 Dungeon Crawl Stone Soup version 0.27.1-4-g1640c2035a (webtiles) character file.

Game seed: 15826633474719846354

5356 Stomo444 the Demonic Disaster (level 10, 0/120 HPs)
             Began as a Demonspawn Monk on Nov 10, 2021.
             Was a Believer of Qazlal.
             Slain by a two-headed ogre (15 damage)
             ... on level 9 of the Dungeon.
             The game lasted 00:17:08 (12054 turns).

Stomo444 the Demonic Disaster (Demonspawn Monk)    Turns: 12054, Time: 00:17:09

Health: 0/120      AC: 25    Str: 14 (15) XL:     10   Next: 39%
Magic:  18/18      EV:  2    Int:  9 (11) God:    Qazlal [**....]
Gold:   559        SH:  3    Dex: 14 (16) Spells: 9/9 levels left

rFire    . . .     SeeInvis .   m - +2 whip (freeze)
rCold    . . .     Faith    .   (no shield)
rNeg     + + +     Spirit   .   (armour currently unavailable)
rPois    +         Reflect  .   (helmet currently unavailable)
rElec    .         Harm     .   (cloak currently unavailable)
rCorr    .         Rampage  .   (gloves currently unavailable)
Will     .....     NoTele   +   (boots currently unavailable)
Stlth    +.........             (no amulet)
HPRegen  0.30/turn              j - ring of poison resistance
MPRegen  0.16/turn              (no ring)

@: brilliant, tree-form, silenced, very slightly contaminated, hasted
(expiring), invisible, very quick
A: stationary, stasis, torment immunity, boosted hp, (talons 2), demonic
guardian 2, (sharp scales 2), evolution 1
a: Renounce Religion


You were on level 9 of the Dungeon.
You worshipped Qazlal.
Qazlal was pleased with you.
You were a tree.
You visited 1 branch of the dungeon, and saw 9 of its levels.
You also visited: Sewer and Ossuary.

You collected 559 gold pieces.

Inventory:

Hand Weapons
 a - a +1 mace
 m - a +2 whip of freezing (weapon)
 y - a +5 morningstar
Armour
 b - a +0 robe
 d - a +1 cloak (melded)
 o - a +0 pair of boots (melded)
 v - a +2 pair of gloves
 D - a +0 pair of gloves (melded)
Jewellery
 j - a ring of poison resistance (left branch)
 E - a ring of positive energy
Wands
 h - a wand of flame (26)
 n - a wand of iceblast (18)
 p - a wand of mindburst (8)
 q - a wand of charming (12)
 x - a wand of paralysis (6)
 C - a wand of polymorph (10)
Scrolls
 c - a scroll of identify
 e - 2 scrolls of teleportation
 g - 2 scrolls of immolation
 l - a scroll of enchant armour
 F - a scroll of blinking {unknown}
Potions
 f - 2 potions of attraction
 k - 5 potions of curing
 t - 2 potions of lignification
 A - a potion of mutation
 B - a potion of berserk rage {unknown}


   Skills:
 + Level 7.8 Fighting
 + Level 7.2 Maces & Flails
 + Level 7.2 Dodging
 - Level 1.7 Stealth
 * Level 11.6 Invocations


You had 9 spell levels left.
You didn't know any spells.
Your spell library contained the following spells:

 Spells                   Type           Power      Damage    Failure   Level
 Magic Dart               Conj           0%         1d3       38%         1
 Searing Ray              Conj           0%         3d3       52%         2
 Slow                     Hex            0%         N/A       52%         2
 Confusing Touch          Hex            0%         N/A       77%         3
 Vampiric Draining        Necr           0%         2d6       77%         3
 Fulminant Prism          Conj/Hex       0%         3d6       99%         4


Dungeon Overview and Level Annotations

Branches:
Dungeon (9/15)             Temple (0/1) D:5           Sewer (visited)
Ossuary (visited)
   Lair: D:8-11         Orc: D:9-12

Altars:
Elyvilon
Gozag
Qazlal

Shops:
D:1 *

Annotations:
D:6 3 runed translucent doors, nocore's ghost, novice OpWr


Innate Abilities, Weirdness & Mutations

You are a tree.
Your roots penetrate the ground, keeping you stationary.
You cannot be teleported.
You are immune to unholy pain and torment.
Your maximum health is greatly increased.
Your equipment is partially melded.
((You have razor-sharp toenails.))
A demonic guardian rushes to your aid.
((You are mostly covered in razor-sharp scales. (AC +2, Slay +2)))
You evolve.


Message History

It is a scroll of enchant armour.
Your +0 cloak glows green for a moment.
As you read the scroll labelled OTZIC XUDOSI, it crumbles to dust.
A profound silence engulfs you.
It was a scroll of silence.
Magic scrolls do not work when you're silenced!
Unknown command.
It was a potion of lignification.
You turn into a tree.
Your +1 cloak melds into your body.
Your +0 pair of gloves melds into your body.
Your +0 pair of boots melds into your body.
Your roots penetrate the ground.
Unknown command.
It was a potion of brilliance.
You feel clever all of a sudden.
Your extra speed is starting to run out.
Unknown command.
It was a potion of invisibility.
You fade into invisibility!
You are very lightly contaminated with residual magic.
It was a potion of degeneration.
There was something very wrong with that liquid.
You feel weakened.
You feel dopey.
You feel clumsy.
The two-headed ogre hits you but does no damage. x2
Okay, then.
You hit the two-headed ogre but do no damage.
You hit the two-headed ogre. You freeze the two-headed ogre.
The two-headed ogre is lightly wounded.
You catch the helpless two-headed ogre completely off-guard!
You hit the two-headed ogre. You freeze the two-headed ogre.
The two-headed ogre is moderately wounded.
The two-headed ogre hits you but does no damage.
The two-headed ogre barely misses you.
You hit the two-headed ogre. You freeze the two-headed ogre.
The two-headed ogre is moderately wounded.
You hit the two-headed ogre. You freeze the two-headed ogre.
The two-headed ogre is moderately wounded.
You hit the two-headed ogre but do no damage.
The two-headed ogre is moderately wounded.
The two-headed ogre hits you with a +0 giant club!
You die...

#o #. #### #.
# ... #. .#
######.####.#
#.##.
#...........#
#...
#.####.#.##.#
# #..#######.#
.#
#"#..#....♣O.#
.#
#...)#.#######
.# ####.#.# ..
#.#.# ## #...#
#####


You could see a two-headed ogre.

Vanquished Creatures
  A two-headed ogre (D:8)
  Pikel (D:7)
  A deep elf pyromancer (D:9)
  Grinder (D:3)
  A steam dragon (D:8)
  An acid dragon (D:6)
  2 water moccasins
  An orc warrior (D:8)
  A black bear (D:5)
  3 ogres
  2 necrophages
  A centaur (D:5)
  A phantom (D:5)
  A kobold brigand (D:8)
  2 bullfrogs (D:7)
  A scorpion (D:5)
  A wyvern skeleton (D:6)
  2 water moccasin zombies
  A water moccasin skeleton (D:6)
  4 killer bees (D:7)
  4 wights
  3 centaur zombies
  3 bullfrog zombies (D:6)
  A jelly (D:5)
  2 orc priests
  2 bullfrog skeletons (D:6)
  2 hounds
  An orc wizard (D:9)
  2 hound skeletons
  2 mummies (Ossuary)
  A howler monkey zombie (D:6)
  A howler monkey skeleton (D:7)
  4 adders
  2 shadow imps (D:7)
  An ufetubus (D:6)
  3 adder zombies (Ossuary)
  4 worms
  19 orcs
  7 bats
  3 endoplasms
  2 giant cockroaches
  3 gnoll zombies (Ossuary)
  6 goblins
  4 hobgoblins
  2 jackals (Sewer)
  11 kobolds
  A quokka (D:3)
  2 ball pythons
  A frilled lizard (D:1)
  10 hobgoblin zombies (Ossuary)
  6 kobold zombies (Ossuary)
  3 orc zombies (Ossuary)
  8 rats
155 creatures vanquished.

Vanquished Creatures (collateral kills)
  A hornet (D:6)
  A water moccasin (D:7)
  3 orc warriors
  A hornet zombie (D:6)
  3 ogres
  2 wights
  A centaur zombie (D:6)
  2 bullfrog zombies (D:6)
  A jelly (D:6)
  An orc priest (D:8)
  An iguana (D:4)
  2 orc wizards
  A worm (D:3)
  6 orcs
  A goblin (D:4)
  A hobgoblin (D:4)
28 creatures vanquished.

Vanquished Creatures (others)
  A withered plant (D:6)
1 creature vanquished.

Grand Total: 184 creatures vanquished

Notes
Turn   | Place    | Note
-------+----------+-------------------------------------------
     0 | D:1      | Stomo444 the Demonspawn Monk began the quest for the Orb.
     0 | D:1      | Reached XP level 1. HP: 18/18 MP: 1/1
   350 | D:1      | Gained mutation: A weak demonic guardian rushes to your
                  | aid. [demonic ancestry]
   350 | D:1      | Reached XP level 2. HP: 23/24 MP: 2/2
   426 | D:1      | Found Kokacvum's Assorted Antiques.
   678 | D:1      | Found a faded altar of an unknown god.
  1408 | D:2      | Gained mutation: You are partially covered in razor-sharp
                  | scales. (AC +1, Slay +1) [demonic ancestry]
  1408 | D:2      | Reached XP level 3. HP: 29/29 MP: 3/3
  2029 | D:3      | Noticed an ogre
  2040 | D:3      | HP: 1/29 [ogre (11)]
  2043 | D:3      | Killed an ogre
  2044 | D:3      | Reached XP level 4. HP: 2/37 MP: 4/4
  2407 | D:3      | Noticed Grinder
  2423 | D:3      | Paralysed by Grinder for 4 turns
  2434 | D:3      | Killed Grinder
  2435 | D:3      | Gained mutation: You are mostly covered in razor-sharp
                  | scales. (AC +2, Slay +2) [demonic ancestry]
  2435 | D:3      | Reached XP level 5. HP: 13/43 MP: 5/5
  2435 | D:3      | Gained mutation: You have sharp toenails. [demonic
                  | ancestry]
  2435 | D:3      | Reached XP level 6. HP: 15/49 MP: 6/6
  3332 | D:4      | Found a sand-covered staircase.
  3333 | D:4      | Noticed a water moccasin
  3354 | D:4      | Reached skill level 5 in Fighting
  3742 | Ossuary  | Entered an ossuary
  3874 | Ossuary  | Gained mutation: A demonic guardian rushes to your aid.
                  | [demonic ancestry]
  3874 | Ossuary  | Reached XP level 7. HP: 56/56 MP: 7/7
  4371 | D:4      | Found an opulent altar of Gozag.
  4376 | D:4      | Found a stormy altar of Qazlal.
  4587 | D:4      | Became a worshipper of Qazlal Stormbringer
  4587 | D:4      | Reached * piety under Qazlal
  4587 | D:4      | Reached ** piety under Qazlal
  4667 | D:4      | You fall into a shaft and drop 3 floors!
  4924 | D:7      | Reached skill level 5 in Maces & Flails
  4924 | D:7      | Reached skill level 5 in Dodging
  5349 | D:7      | Reached XP level 8. HP: 24/64 MP: 8/8
  5602 | D:7      | Noticed Pikel
  5633 | D:7      | Killed Pikel
  6478 | D:6      | Found a runed translucent gate.
  6478 | D:6      | Found a runed translucent gate.
  6478 | D:6      | Found a runed translucent gate.
  6478 | D:6      | Found an opulent altar of Gozag.
  6541 | D:6      | Noticed a hornet
  6559 | D:6      | Killed a hornet
  6855 | D:6      | Reached XP level 9. HP: 29/72 MP: 9/9
  7142 | D:6      | Reached skill level 1 in Invocations
  7146 | D:6      | Reached skill level 2 in Invocations
  7324 | D:6      | Reached skill level 3 in Invocations
  7335 | D:6      | Reached skill level 4 in Invocations
  7388 | D:6      | Reached skill level 5 in Invocations
  7806 | D:6      | Reached skill level 6 in Invocations
  7883 | D:6      | Reached skill level 7 in Invocations
  8101 | D:6      | Reached skill level 8 in Invocations
  8187 | D:6      | Noticed nocore's ghost (novice OpWr)
  8341 | D:6      | Noticed a kobold demonologist
  8478 | D:5      | Entered Level 5 of the Dungeon
  8484 | D:5      | Found a glowing drain.
  8501 | Sewer    | Entered a sewer
  8865 | D:5      | Found a staircase to the Ecumenical Temple.
  8883 | D:5      | Reached skill level 9 in Invocations
  9658 | D:5      | Reached skill level 10 in Invocations
 10085 | D:8      | Gained mutation: You have razor-sharp toenails. [demonic
                  | ancestry]
 10085 | D:8      | Reached XP level 10. HP: 16/77 MP: 12/18
 10443 | D:8      | Reached *** piety under Qazlal
 10827 | D:8      | Noticed a two-headed ogre
 10859 | D:8      | Killed a two-headed ogre
 10860 | D:8      | Reached skill level 11 in Invocations
 11988 | D:9      | HP: 1/73 [killer bee (8)]
 11991 | D:9      | Noticed a deep elf pyromancer
 11993 | D:9      | Gained mutation: You evolve. [potion of mutation]
 12000 | D:9      | HP: 2/73 [deep elf pyromancer (2)]
 12001 | D:9      | Killed a deep elf pyromancer
 12030 | D:9      | Noticed a two-headed ogre
 12054 | D:9      | Slain by a two-headed ogre

Illustrated notes

Levels and vault maps discovered:
D:1:      lightli_arrival_isolated_outpost, layout_basic, serial_shops, shop,
          hellmonk_ecumenical_altar_prayer_group
D:2:      layout_basic, corexii_leaking_fountain, kennysheep_generic_room_13
D:3:      layout_loops_ring, lightli_corner_chamber, uniq_grinder
D:4:      layout_loops_ring, minitemple, nicolae_ossuary_entry_ruins,
          ldierk_geyser, kennysheep_generic_room_5
D:5:      layout_loops_corners, minmay_temple_entry_slanted,
          portal_sewer_entry_a
D:6:      layout_rooms, serial_undead, serial_undead_e, serial_undead_e,
          serial_undead_b, serial_undead_a, ebering_ghost_gozag,
          amcnicky_mini_rare_corridor_liquid, chequers_serial_rivers_large_a
D:7:      layout_layer_cave, uniq_pikel
D:8:      layout_rooms, elyvilon_altar_3, serial_park_tiny_1, fountainhead,
          st_stairs_1, glass_columns_b
D:9:      layout_basic, grunt_temple_overflow_cloverleaf,
          nicolae_overflow_crystal_walls, erik_orc_4, uniq_psyche, uniq_harold

Skill      XL: |  1  2  3  4  5  6  7  8  9 10 |
---------------+-------------------------------+-----
Dodging        | 3 4 5 6 7 |  7.2
Maces & Flails | 3 4 5 6 7 |  7.2
Fighting       | 4 5 6 7 |  7.8
Invocations    | 10 11 | 11.6
Stealth        | |  1.7

Action                   |  1- 3 |  4- 6 |  7- 9 | 10-12 || total
-------------------------+-------+-------+-------+-------++-------
Melee: Mace              |   104 |   107 |   136 |       ||   347
       Kick              |       |    29 |    45 |       ||    74
       Whip              |       |       |   296 |    90 ||   386
Invok: Upheaval          |       |       |     2 |     2 ||     4
  Use: Potion            |       |     3 |       |     7 ||    10
       Scroll            |       |       |     5 |     5 ||    10
 Stab: Sleeping          |     5 |     5 |     2 |       ||    12
       Distracted        |     1 |       |       |       ||     1
       Invisible         |       |       |       |     1 ||     1
Armor: Robe              |    32 |    16 |    99 |       ||   147
       Skin              |       |       |    20 |    14 ||    34
Dodge: Dodged            |    74 |    70 |   330 |    43 ||   517
Block: Other             |       |       |    37 |    12 ||    49
